 Dungeon Crawl Stone Soup version 0.31-a0-216-g22e908daa7 (webtiles) character file.

Game seed: 10201256891104841195

628 qw the Chopper (level 7, -1/43 HPs)
             Began as a Gargoyle Fighter on July 2, 2023.
             Slain by Duvessa
             ... wielding a +4 short sword of speed
              (12 damage)
             ... on level 4 of the Dungeon.
             The game lasted 00:01:37 (2746 turns).

qw the Chopper (Gargoyle Fighter)                   Turns: 2746, Time: 00:01:37

Health: -1/43      AC: 17    Str: 21    XL:     7   Next: 48%
Magic:  7/7        EV:  8    Int:  9    God:
Gold:   226        SH:  4    Dex:  9    Spells: 6/6 levels left

rFire   . . .        Y - +0 war axe
rCold   . . .        c - +0 buckler
rNeg    + . .        f - +0 chain mail
rPois   inf          (no helmet)
rElec   +            (no cloak)
rCorr   .            (no gloves)
SInv    +            (no boots)
Will    .....        (no amulet) Stlth
                     i - ring of see invisible
HPRegen 0.27/turn    e - +4 ring of protection
MPRegen 0.10/turn

%: no passive effects
@: lit by a corona, glowing
A: sickness immunity, AC +4, negative energy resistance 1, electricity
resistance, torment resistance 1, petrification resistance
a: no special abilities


You were on level 4 of the Dungeon.
You visited 1 branch of the dungeon, and saw 4 of its levels.

You collected 226 gold pieces.


Innate Abilities, Weirdness & Mutations

You are immune to sickness and miasma.
Your stone body is resilient. (AC +4)
You are immune to poison.
You resist negative energy. (rN+)
You are resistant to electric shocks. (rElec)
You are resistant to unholy torment.
You are immune to petrification.


   Skills:
 - Level 4.0 Fighting
 + Level 6.6 Axes
 - Level 0.1 Throwing
 - Level 3.2 Armour
 - Level 2.0 Dodging
 - Level 3.2 Shields


You had 6 spell levels left.
You didn't know any spells.
Your spell library was empty.

Inventory:

Hand Weapons
 o - a +0 flail
 Y - a +0 war axe (weapon)
Armour
 c - a +0 buckler (worn)
 f - a +0 chain mail (worn)
 j - a +0 cloak
Jewellery
 e - a +4 ring of protection (right hand)
 i - a ring of see invisible (left hand)
Scrolls
 g - a scroll of identify
 q - a scroll of teleportation
Potions
 a - a potion of enlightenment
 d - a potion of might
 h - a potion of heal wounds
 k - a potion of lignification
 l - a potion of curing
 m - a potion of attraction {unknown}
 n - a potion of haste

Dungeon Overview and Level Annotations

Branches:
Dungeon (4/15)
 Temple: D:4-7

Altars:
Vehumet
Yredelemnul

Annotations:
D:4 Duvessa


Message History

There is an open door here.
You open the door.
There is an open door here.
You open the door.
Duvessa, Dowan and a dart slug come into view.
Duvessa is wielding a +4 short sword of speed and wearing a +0 leather armour of cold resistance.
Dowan shouts!
Dowan moves out of view.
Enter note:
Enter note:
2738 ||| Stepping ~*~*~tactically~*~*~ (hiding).
Dowan says, "There's a certain beauty in death, don't you think?"
Dowan barely misses you.
You miss Dowan. Dowan casts a spell at you. You resist with some effort.
Dowan hits you but does no damage.
You slash Dowan!
Dowan is heavily wounded.
You block Dowan's attack.
You hit Dowan.
Dowan is severely wounded.
Dowan barely misses you.
You closely miss Dowan.
Dowan is severely wounded.
Dowan casts a spell at you.
You are outlined in light.
You slash Dowan!
You kill Dowan!
You hear a distant scream of rage.
You slash Duvessa!
Duvessa is heavily wounded.
Duvessa goes berserk!
Duvessa hits you with a +4 short sword of speed!
Duvessa closely misses you.
Duvessa hits you with a +4 short sword of speed.
You slash Duvessa!
Duvessa is severely wounded.
You block Duvessa's attack.
Duvessa hits you with a +4 short sword of speed! x2
You die...

#..........# #.##
.. #........### .#
#...##.##.###
##..[...#..#
###+##'##+###
#.....#.....# ####
#.....#.....##.....
+##+##'##'##e......
#.....#.@#
#+###'#..#
#.....#..#
+.._..+..+
#.....#..#
#+###+#..# #..#
+##+


You could see Duvessa (berserk).

Vanquished Creatures
  Menkaure (D:4)
  2 ice beasts (D:4)
  Dowan (D:4)
  An orc priest (D:2)
  A gnoll bouda (D:4)
  An orc wizard (D:2)
  An iguana (D:4)
  A hound zombie (D:3)
  4 gnolls
  2 adders
  An adder zombie (D:3)
  2 dart slugs (D:1)
  7 orcs
  11 bats
  8 endoplasms
  5 giant cockroaches
  4 goblins
  5 hobgoblins
  11 jackals
  9 kobolds
  2 quokkas (D:3)
  6 ball pythons
  3 frilled lizards
  A quokka zombie (D:3)
  8 rats
98 creatures vanquished.

Notes
Turn   | Place    | Note
-------+----------+-------------------------------------------
     0 | D:1      | qw the Gargoyle Fighter began the quest for the Orb.
     0 | D:1      | Reached XP level 1. HP: 14/14 MP: 1/1
     0 | D:1      | 0 ||| qw: Version: 0.3-a-39-g4513739
     0 | D:1      | 0 ||| qw: Game counter: 7903
     0 | D:1      | 0 ||| qw: Melee chars always use a shield: true
     0 | D:1      | 0 ||| qw: God list: Okawaru
     0 | D:1      | 0 ||| qw: Allow faded altars: false
     0 | D:1      | 0 ||| qw: Do Orc after clearing Dungeon:15 true
     0 | D:1      | 0 ||| qw: Do second Lair branch before Depths: true
     0 | D:1      | 0 ||| qw: Lair rune preference: random
     0 | D:1      | 0 ||| qw: Goals: Normal, Zot:1-4, Slime:5, God:TSO, Crypt,
                  | Tomb, Abyss, Pan, Hells, Win
     0 | D:1      | 0 ||| PLANNING D:1-11
    14 | D:1      | Reached skill level 2 in Axes
    33 | D:1      | 33 ||| Stepping ~*~*~tactically~*~*~ (stealth).
    35 | D:1      | 35 ||| Stepping ~*~*~tactically~*~*~ (hiding).
    45 | D:1      | Reached XP level 2. HP: 16/19 MP: 2/2
    95 | D:1      | 95 ||| Stepping ~*~*~tactically~*~*~ (hiding).
   149 | D:1      | 149 ||| Stepping ~*~*~tactically~*~*~ (hiding).
   152 | D:1      | 152 ||| Stepping ~*~*~tactically~*~*~ (hiding).
   162 | D:1      | Reached skill level 3 in Axes
   175 | D:1      | Reached XP level 3. HP: 23/23 MP: 3/3
   355 | D:1      | 355 ||| Stepping ~*~*~tactically~*~*~ (stealth).
   759 | D:1      | 759 ||| UPGRADING to ring of see invisible.
   760 | D:1      | 760 ||| READING scroll labelled MATSANABBU.
   761 | D:1      | 761 ||| READING 2 scrolls labelled ZUCUPI IDGHEUXT.
   762 | D:1      | 762 ||| READING scroll labelled JAR DULIXAIJOGIOCW.
   766 | D:1      | 766 ||| READING scroll labelled UMNEYL XABBYBB.
   795 | D:2      | Reached XP level 4. HP: 26/28 MP: 4/4
   853 | D:2      | 853 ||| Stepping ~*~*~tactically~*~*~ (stealth).
   968 | D:2      | Reached skill level 4 in Axes
  1028 | D:2      | 1028 ||| Stepping ~*~*~tactically~*~*~ (stealth).
  1030 | D:2      | 1030 ||| Stepping ~*~*~tactically~*~*~ (hiding).
  1048 | D:2      | Reached XP level 5. HP: 21/32 MP: 5/5
  1184 | D:2      | 1184 ||| DROPPING +0 club.
  1279 | D:2      | 1279 ||| READING 2 scrolls labelled KAERGH NIZUAPRE.
  1280 | D:2      | 1280 ||| READING scroll labelled ZIJIX BEZXECS.
  1281 | D:2      | 1281 ||| DRINKING 2 yellow potions.
  1282 | D:2      | 1282 ||| DRINKING 2 fizzy golden potions.
  1283 | D:2      | 1283 ||| READING 2 scrolls of identify.
  1283 | D:2      | 1283 ||| IDENTIFYING grey potion
  1284 | D:2      | 1284 ||| DROPPING scroll of fog.
  1315 | D:3      | 1315 ||| STAIRDANCE
  1321 | D:2      | Reached skill level 5 in Axes
  1367 | D:3      | 1367 ||| STAIRDANCE
  1383 | D:3      | 1383 ||| STAIRDANCE
  1410 | D:3      | 1410 ||| Stepping ~*~*~tactically~*~*~ (stealth).
  1562 | D:3      | Found a basalt altar of Yredelemnul.
  2129 | D:3      | 2129 ||| Stepping ~*~*~tactically~*~*~ (stealth).
  2236 | D:3      | 2236 ||| UPGRADING to +0 chain mail.
  2246 | D:3      | 2246 ||| DROPPING +0 scale mail.
  2247 | D:3      | 2247 ||| UPGRADING to +4 ring of protection.
  2248 | D:3      | 2248 ||| DRINKING 2 clear potions.
  2285 | D:3      | 2285 ||| READING 2 scrolls of identify.
  2285 | D:3      | 2285 ||| IDENTIFYING amethyst potion
  2348 | D:4      | Reached XP level 6. HP: 32/38 MP: 6/6
  2380 | D:4      | Noticed Menkaure
  2381 | D:4      | 2381 ||| Stepping ~*~*~tactically~*~*~ (hiding).
  2383 | D:4      | 2383 ||| Stepping ~*~*~tactically~*~*~ (hiding).
  2385 | D:4      | 2385 ||| Stepping ~*~*~tactically~*~*~ (hiding).
  2390 | D:4      | Killed Menkaure
  2498 | D:4      | Noticed an ice beast
  2508 | D:4      | Killed an ice beast
  2509 | D:4      | Reached skill level 6 in Axes
  2509 | D:4      | Reached XP level 7. HP: 35/43 MP: 7/7
  2569 | D:4      | 2569 ||| Stepping ~*~*~tactically~*~*~ (stealth).
  2730 | D:4      | Found a radiant altar of Vehumet.
  2737 | D:4      | Noticed Duvessa
  2737 | D:4      | Noticed Dowan
  2738 | D:4      | 2738 ||| Stepping ~*~*~tactically~*~*~ (hiding).
  2744 | D:4      | Killed Dowan
  2746 | D:4      | Slain by Duvessa

Levels and vault maps discovered:
D:1:      dpeg_arrival_ratfight, layout_basic, solitary_fountain
D:2:      cheibrodos_pilgrimage, layout_rooms
D:3:      layout_loops_ring, nicolae_yredelemnul_corpse_copse
D:4:      layout_basic, nemelex_spade_bored_becter, cheibrodos_worm_habitat,
          mainiacjoe_overflow_small_starburst, mainiacjoe_overflow_24_doors,
          tgw_sif, kennysheep_small_spiral, minmay_manual_mess, uniq_menkaure,
          uniq_sigmund, uniq_duvessa, uniq_pikel

Skill      XL: |  1  2  3  4  5  6  7 |
---------------+----------------------+-----
Axes           | 2 3 4 5 6 |  6.6
Fighting       | 4 |  4.0
Dodging        | 2 |  2.0
Throwing       | |  0.1
Armour         | |  3.2
Shields        | |  3.2

Action                     |  1- 3 |  4- 6 |  7- 9 || total
---------------------------+-------+-------+-------++-------
  Melee: War axe           |    97 |   146 |    45 ||   288
  Throw: Boomerang         |       |     2 |       ||     2
    Use: Scroll            |     4 |     4 |       ||     8
         Potion            |       |     3 |       ||     3
 Armour: Scale mail        |    67 |    78 |       ||   145
         Chain mail        |       |    11 |    23 ||    34
  Dodge: Dodged            |    56 |    61 |    18 ||   135
  Block: Buckler           |    14 |    30 |    11 ||    55

Table legend:
 A = Non-vault XP
 B = Vault XP
 C = Vault XP percentage of total XP
 D = Non-vault monster count
 E = Vault monster count
 F = Vault count percentage of total count
                 A         B        C        D         E       F
            +---------+---------+-------+---------+---------+-------
      Total |     372 |     526 |  58.6 |      79 |      19 |  19.4
            +---------+---------+-------+---------+---------+-------
        D:1 |      65 |       5 |   7.1 |      28 |       5 |  15.2
        D:2 |      63 |      85 |  57.4 |      20 |       5 |  20.0
        D:3 |      68 |      29 |  29.9 |      25 |       3 |  10.7
        D:4 |     176 |     407 |  69.8 |       6 |       6 |  50.0
            +---------+---------+-------+---------+---------+-------
